 Dungeon Crawl Stone Soup version 0.30-a0-1002-ga41ad49a19 (webtiles) character file.

Game seed: 14841316892445696173

49 CryoSword the Chiller (level 3, -3/26 HPs)
             Began as a Demigod Ice Elementalist on Apr 5, 2023.
             Slain by Grinder (7 damage)
             ... on level 3 of the Dungeon.
             The game lasted 00:02:27 (2017 turns).

CryoSword the Chiller (Demigod Ice Elementalist)    Turns: 2017, Time: 00:02:28

Health: -3/26      AC:  2    Str:  9    XL:     3   Next: 33%
Magic:  6/8        EV: 12    Int: 21    God:
Gold:   102        SH:  0    Dex: 14    Spells: 1/5 levels left

rFire   . . .      SeeInvis +    f - +1 short sword (venom)
rCold   . . .      Faith    .    (no shield)
rNeg    . . .      Spirit   .    a - +0 robe
rPois   .          Reflect  .    (no helmet)
rElec   .          Rampage  .    (no cloak)
rCorr   .                        (no gloves)
Will    .....                    (no boots)
Stlth   ++                       (no amulet)
HPRegen 0.24/turn                j - ring of see invisible
MPRegen 0.11/turn                (no ring)

@: mighty
A: high MP 1, forlorn, divine attributes
a: no special abilities


You were on level 3 of the Dungeon.
You visited 1 branch of the dungeon, and saw 3 of its levels.

You collected 102 gold pieces.

Inventory:

Hand Weapons
 f - a +1 short sword of venom (weapon)
   (You took it off a kobold on level 1 of the Dungeon)
Missiles
 l - 8 poisoned darts
Armour
 a - a +0 robe (worn)
Jewellery
 j - a ring of see invisible (left hand)
   (You found it on level 1 of the Dungeon)
 o - a ring of resist corrosion
   (You found it on level 2 of the Dungeon)
Scrolls
 c - 2 scrolls of acquirement {unknown}
 d - 2 scrolls of poison {unknown}
 e - 2 scrolls of teleportation {unknown}
 g - 3 scrolls of fear {unknown}
 i - 2 scrolls of identify {unknown}
 m - a scroll of silence {unknown}
 n - a scroll of vulnerability {unknown}
 p - a scroll of enchant armour {unknown}
 r - a scroll of amnesia {unknown}
Potions
 b - a potion of magic
 h - a potion of attraction {unknown}
 q - a potion of mutation {unknown}


   Skills:
 - Level 1.7 Dodging
 - Level 1.7 Stealth
 - Level 1.7 Spellcasting
 + Level 4.8 Ice Magic


You had one spell level left.
You knew the following spells:

 Your Spells              Type           Power      Damage    Failure   Level
a - Freeze                Ice            88%        1d9       1%          1
b - Frozen Ramparts       Ice            44%        1d7       6%          3

Your spell library contained the following spells:

 Spells                   Type           Power      Damage    Failure   Level
 Ozocubu's Armour         Ice            22%        N/A       6%          3
 Blink                    Tloc           2%         N/A       22%         2
 Lesser Beckoning         Tloc           2%         N/A       22%         2
 Momentum Strike          Conj/Tloc      2%         3d8       22%         2
 Summon Ice Beast         Ice/Summ       12%        N/A       50%         4


Dungeon Overview and Level Annotations

Branches:
Dungeon (3/15)

Annotations:
D:3 Grinder


Innate Abilities, Weirdness & Mutations

You have an increased reservoir of magic. (+10% MP)
You shall have no god before yourself.
Your divine heritage dramatically boosts your attributes as you level up.


Message History

You see here a rat corpse.
Found a leather armour.
Found a stone staircase leading down.
There is a stone staircase leading down here.
You see here a +0 dagger.
Done exploring.
Done exploring.
Done exploring.
Search for what [Enter for "."]? .
You see here a +0 dagger.
There is a stone staircase leading down here.
You climb downwards.
Found 7 gold pieces and a smoky brown potion.
Found a stone staircase leading down.
There is a stone staircase leading up here.
A frilled lizard is nearby!
A frilled lizard is nearby!
The frilled lizard hisses angrily.
You hit the frilled lizard.
You kill the frilled lizard!
No target in view!
No target in view!
No target in view!
You now have 98 gold pieces (gained 7).
q - a smoky brown potion
Found a ring mail.
There is a stone staircase leading down here.
An endoplasm comes into view.
An endoplasm is nearby!
An endoplasm is nearby!
The helpless endoplasm fails to defend itself.
You hit the endoplasm.
The endoplasm is poisoned.
The endoplasm closely misses you.
You hit the endoplasm.
You kill the endoplasm!
This spell is quite dangerous to cast!
Memorise Frozen Ramparts, consuming 3 spell levels and leaving 1?
You start memorising the spell.
You continue memorising. x3
You finish memorising.
Spell assigned to 'b'.
An endoplasm comes into view.
Found a stone staircase leading down.
The endoplasm quivers.
An endoplasm is nearby!
An endoplasm is nearby!
The endoplasm freezes you.
You are frozen.
You hit the endoplasm. The endoplasm freezes you.
You are frozen.
You barely miss the endoplasm. The endoplasm hits you.
You hit the endoplasm.
The endoplasm is poisoned.
The endoplasm freezes you.
You are frozen.
You are too injured to fight recklessly!
You are too injured to fight recklessly!
Aim: an endoplasm (almost dead, very poisoned)
You freeze the endoplasm.
You kill the endoplasm!
You now have 102 gold pieces (gained 4).
l - 8 poisoned darts (gained 3)
You see here a +0 ring mail.
There is a stone staircase leading down here.
Found a stone staircase leading up.
An orc comes into view. It is wielding a +0 hand axe.
An orc is nearby!
An orc is nearby! 2 orcs come into view.
The orc closely misses you.
You hit the orc but do no damage.
The orc shouts!
The orc barely misses you.
You hit the orc but do no damage. The orc hits you with a +0 hand axe.
You barely miss the orc. The orc hits you with a +0 hand axe.
The spell is quite dangerous to miscast (6% risk of failure)!
Continue anyway?
You miscast Frozen Ramparts.
You are very lightly contaminated with residual magic.
Nothing appears to happen.
The orc hits you with a +0 hand axe.
You are too injured to fight recklessly!
You are too injured to fight recklessly!
The spell is quite dangerous to miscast (6% risk of failure)!
Continue anyway?
Okay, then.
Aim: an orc, wielding a +0 hand axe You freeze the orc.
The orc hits you with a +0 hand axe.
* * * LOW HITPOINT WARNING * * *
The spell is quite dangerous to miscast (6% risk of failure)!
Continue anyway?
The walls around you are covered in ice.
The wall freezes the orc.
The wall freezes the orc.
You kill the orc!
The wall freezes the orc.
Your magical contamination has completely faded away.
The wall freezes the orc.
You kill the orc!
The wall freezes the orc.
The wall freezes the orc.
You kill the orc!
The frozen ramparts melt away.
Items here: ))) †.
Found 5 stones.
Found a stone staircase leading up.
A ball python comes into view.
Found a club.
You see here a scroll labelled MAXUOBR JOTOVI.
A ball python is nearby!
A ball python is nearby!
The ball python hisses angrily.
You see here 5 stones.
You barely miss the ball python. The ball python closely misses you.
The ball python grabs you. The ball python constricts you.
Aim: a ball python (constricting you)
You freeze the ball python!
You kill the ball python!
r - a scroll labelled MAXUOBR JOTOVI You see here 5 stones.
Grinder comes into view.
Grinder shouts!
Okay, then.
The spell is quite dangerous to miscast (6% risk of failure)!
Continue anyway?
The walls around you are covered in ice.
Grinder completely resists.
The wall freezes Grinder but does no damage.
The floor.
You hit Grinder.
Grinder is poisoned.
Grinder completely resists.
The wall freezes Grinder but does no damage.
Grinder gestures at you.
You suddenly lose the ability to move!
Grinder completely resists.
The wall freezes Grinder but does no damage.
Grinder hits you.
You writhe in agony.
Grinder completely resists.
The wall freezes Grinder but does no damage.
Grinder drinks a potion.
Grinder is healed!
Grinder looks more healthy.
Grinder completely resists.
The wall freezes Grinder but does no damage.
Grinder hits you!
You writhe in agony.
* * * LOW HITPOINT WARNING * * *
You can move again.
You closely miss Grinder.
The frozen ramparts melt away.
Grinder hits you.
* * * LOW HITPOINT WARNING * * *
You writhe in agony.
* * * LOW HITPOINT WARNING * * *
It was a potion of might.
You feel very mighty all of a sudden.
Grinder says, "Don't move a muscle."
Grinder gestures at you. You resist with significant effort.
You hit Grinder.
Grinder is poisoned.
Grinder hits you!
You die...

#. .# ....##### #.#
# #..5....# #.# .
##.## #.# .# ####
##@..###.###.###...
#.#5....##......
..#.
#.....†.(...##.#
....
#...<.......##.#
#.#.
##.............###.#
##................#
##.............###.
######............
#........####


You could see Grinder (very poisoned).

Vanquished Creatures
  A worm (D:2)
  A dart slug (D:2)
  3 orcs (D:3)
  3 ball pythons
  4 endoplasms
  A giant cockroach (D:1)
  2 goblins
  2 hobgoblins (D:1)
  8 jackals
  A quokka (D:1)
  A bat (D:2)
  2 frilled lizards
  6 kobolds
  3 rats
38 creatures vanquished.

Notes
Turn   | Place    | Note
-------+----------+-------------------------------------------
     0 | D:1      | CryoSword the Demigod Ice Elementalist began the quest for
                  | the Orb.
     0 | D:1      | Reached XP level 1. HP: 14/14 MP: 5/5
   176 | D:1      | Reached skill level 4 in Ice Magic
   309 | D:1      | Reached XP level 2. HP: 19/20 MP: 1/7
  1381 | D:2      | Reached XP level 3. HP: 26/26 MP: 8/8
  1771 | D:3      | Learned a level 3 spell: Frozen Ramparts
  2005 | D:3      | Noticed Grinder
  2011 | D:3      | Paralysed by Grinder for 4 turns
  2017 | D:3      | Slain by Grinder

Illustrated notes

Levels and vault maps discovered:
D:1:      heliophobic_arrival_enchanted_forest, layout_loops_ring,
          hellmonk_ecumenical_altar_inner_sanctum
D:2:      layout_basic
D:3:      layout_loops_ring, mainiacjoe_overflow_catwalk, uniq_grinder,
          uniq_jessica

Skill      XL: |  1 |
---------------+----+-----
Ice Magic      | 4 |  4.8
Dodging        | |  1.7
Stealth        | |  1.7
Spellcasting   | |  1.7

Action                     || total
---------------------------++-------
  Melee: Spear             ||     8
         Short sword       ||    49
   Cast: Freeze            ||    32
         Frozen Ramparts   ||     2
    Use: Potion            ||     1
   Stab: Sleeping          ||     5
 Armour: Robe              ||    11
  Dodge: Dodged            ||    48

Table legend: (Time is in decaauts)
 A = Elapsed time spent in this place.
 B = Non-inter-level travel time spent in this place.
 C = Inter-level travel time spent in this place.
 D = Time resting spent in this place.
 E = Time spent auto-exploring this place.
 F = Levels seen in this place.
 G = Mean time per level.
                   A        B        C        D        E       F      G
               +--------+--------+--------+--------+--------+-----+--------+
         Total |   2017 |   1957 |     60 |     83 |   1564 |   3 |  672.3 |
       Dungeon |   2017 |   1957 |     60 |     83 |   1564 |   3 |  672.3 |
               +--------+--------+--------+--------+--------+-----+--------+

Top non-repeatable levels by time:
     D:1: 918 daAuts
     D:2: 815 daAuts
     D:3: 283 daAuts
